 Dungeon Crawl Stone Soup version 0.14-a0-1876-g927fc3a (webtiles) character file.

322 Piginabag the Skirmisher (level 6, -1/43 HPs)
             Began as a Formicid Monk on Jan 15, 2014.
             Was a Follower of the Shining One.
             Slain by a worker ant (3 damage)
             ... on Level 4 of the Dungeon.
             The game lasted 00:05:07 (3604 turns).

Piginabag the Skirmisher (Formicid Monk)            Turns: 3604, Time: 00:05:07

HP  -1/43        AC  6     Str 18      XL: 6   Next: 43%
MP   3/6         EV 10     Int  9      God: the Shining One [*.....]
Gold 100         SH 14     Dex 13      Spells:  0 memorised,  5 levels left

rFire  . . .     SeeInvis +       - Unarmed
rCold  + . .     Clarity  .     h - +0 ring mail
rNeg   . . .     Conserve .     (no shield)
rPois  x         rCorr    .     (helmet unavailable)
rElec  .         rRot     .     (no cloak)
SustAb . .       Spirit   .     (no gloves)
rMut   .         Warding  .     (no boots)
Saprov . . .     Stasis   +     (no amulet)
MR     .....                    (no ring)
                                l - ring of protection from cold

@: flying, very poisoned, glowing, not resistant to hostile enchantments, very
unstealthy
A: permanent stasis, dig shafts and tunnels, four strong arms, poison weakness,
antennae 3, exoskeleton 1
a: Dig, Shaft Self, Renounce Religion


You were on level 4 of the Dungeon.
You worshipped the Shining One.
The Shining One was aware of your devotion.
You were hungry.

You visited 2 branches of the dungeon, and saw 5 of its levels.

You collected 100 gold pieces.

Inventory:

Armour
 a - a +0 robe
 h - a +0 ring mail (worn)
Comestibles
 b - 2 bread rations
 f - an orange
 g - 2 meat rations
 i - a choko
Scrolls
 c - 6 scrolls of identify
 j - a scroll of enchant weapon II {unknown}
 k - 2 scrolls of enchant weapon I {unknown}
 n - a scroll of curse armour {unknown}
 o - a scroll of blinking {unknown}
Jewellery
 l - a ring of protection from cold (left hand)


   Skills:
 + Level 4.2 Fighting
 + Level 3.4 Armour
 + Level 4.2 Dodging
 - Level 2.4 Stealth
 - Level 4.0 Unarmed Combat


You had 5 spell levels left.
You didn't know any spells.

Dungeon Overview and Level Annotations

Branches:
Dungeon (4/16)             Temple (1/1) D:4

Altars:
Ashenzari
Kikubaaqudgha
Makhleb
Nemelex Xobeh
Okawaru
Sif Muna
Trog
Vehumet
Yredelemnul
the Shining One

Annotations:
D:3 Piginabag's ghost, average FoMo


Innate Abilities, Weirdness & Mutations

Your are under a permanent stasis effect.
You can dig through walls and to a lower floor.
Your four strong arms can wield any weapon, most with a shield.
You are susceptible to poison.
You have a pair of large antennae on your head (SInv).
Your body is surrounded by an exoskeleton. (HP +5, AC +1)


Message History

The worker ant bites you but does no damage.
Drink which item? (? for menu, Esc to quit)
You briefly turn translucent.
* * * LOW HITPOINT WARNING * * *
You feel very sick.
The worker ant bites you but does no damage.
You are too injured to fight recklessly!
You are too injured to fight recklessly!
You are too injured to fight recklessly!
You hit the worker ant.
The worker ant is severely wounded.
* * * LOW HITPOINT WARNING * * *
You feel very sick. The worker ant barely misses you.
You hit the worker ant.
The worker ant is severely wounded.
* * * LOW HITPOINT WARNING * * *
You feel very sick. The worker ant bites you.
You die...

#.. #..###
#..... #....
#...#
.######...#
..........#
.......a...#
........@..#
...######..#
#..# #..#
#..# #..# .
#..# # #..
#..######...#
#..
#...........#
#..


You could see a worker ant.

Vanquished Creatures
  2 hounds (Temple)
  2 worker ants
  4 adders
  2 worms
  A giant gecko (D:1)
  An ooze (D:1)
  6 orcs
  9 goblins
  6 hobgoblins
  5 kobolds
  11 bats
  4 giant cockroaches (D:2)
  3 giant newts
  An orc skeleton (D:4)
  A quokka (D:4)
  13 rats
71 creatures vanquished.

Notes
Turn   | Place    | Note
--------------------------------------------------------------
     0 | D:1      | Piginabag, the Formicid Monk, began the quest for the Orb.
     0 | D:1      | Reached XP level 1. HP: 19/19 MP: 1/1
   130 | D:1      | Reached XP level 2. HP: 13/24 MP: 2/2
   446 | D:1      | Reached XP level 3. HP: 28/28 MP: 3/3
  1087 | D:2      | Reached XP level 4. HP: 31/34 MP: 4/4
  1425 | D:2      | Found an iron altar of Okawaru.
  1663 | D:3      | Noticed Piginabag's ghost (average FoMo)
  2026 | D:2      | Reached skill level 1 in Armour
  2548 | D:3      | Reached XP level 5. HP: 31/38 MP: 5/5
  2832 | D:4      | Found a staircase to the Ecumenical Temple.
  2843 | Temple   | Entered the Ecumenical Temple
  2866 | Temple   | Became a worshipper of the Shining One
  2866 | Temple   | Acquired the Shining One's first power
  2866 | Temple   | Acquired the Shining One's second power
  2981 | Temple   | Reached XP level 6. HP: 31/43 MP: 6/6
  3604 | D:4      | HP: 2/43 [poisoned by a worker ant]
  3604 | D:4      | Slain by a worker ant

Action                   |  1- 3 |  4- 6 || total
-------------------------+-------+-------++-------
Melee: Unarmed           |   107 |   191 ||   298
Invok: Divine Shield     |       |     1 ||     1
  Use: Scroll            |       |     2 ||     2
       Potion            |       |     7 ||     7
 Stab: Sleeping          |     4 |     2 ||     6
